 Dungeon Crawl Stone Soup version 0.31-a0-234-gad7ace16ef (webtiles) character file.

Game seed: 7689781946394673180

12 Ijustatesigmund the Stinger (level 2, 0/18 HPs)
             Began as an Octopode Venom Mage on July 10, 2023.
             Succumbed to an adder's poison
             ... on level 2 of the Dungeon.
             The game lasted 00:01:09 (839 turns).

Ijustatesigmund the Stinger (Octopode Venom Mage)    Turns: 839, Time: 00:01:10

Health: 0/18       AC:  1    Str:  7    XL:     2   Next: 33%
Magic:  2/5        EV: 13    Int: 17    God:
Gold:   47         SH:  0    Dex: 12    Spells: 2/5 levels left

rFire   . . .        e - staff of poison
rCold   . . .        (no shield)
rNeg    . . .        (helmet restricted)
rPois   +            (no amulet)
rElec   .            (no ring)
rCorr   .            (no ring)
SInv    .            (no ring)
Will    .....        (no ring)
Stlth   +++          (no ring)
HPRegen 0.23/turn    (no ring)
MPRegen 0.09/turn    (no ring)
                     (no ring)

%: no passive effects
@: lethally poisoned (0 -> -3)
A: almost no armour, amphibious, 8 rings, camouflage 1, gelatinous body 1,
(nimble swimmer 1), tentacles
a: no special abilities


You were on level 2 of the Dungeon.
You visited 1 branch of the dungeon, and saw 2 of its levels.

You collected 47 gold pieces.

Inventory:

Magical Staves
 e - a staff of poison (weapon)
Potions
 a - a potion of magic
 b - a potion of berserk rage {unknown}
 c - a potion of lignification {unknown}


   Skills:
 + Level 0.8 Fighting
 + Level 0.0 Staves
 - Level 2.0 Dodging
 - Level 2.6 Stealth
 + Level 2.2 Spellcasting
 - Level 1.0 Transmutations
 + Level 0.2 Air Magic
 + Level 3.9 Poison Magic


You had 2 spell levels left.
You knew the following spells:

 Your Spells              Type           Power      Damage    Failure   Level
a - Sting                 Tmut/Pois      60%        1d6       7%          1
b - Poisonous Vapours     Pois/Air       26%        N/A       12%         2

Your spell library contained the following spells:

 Spells                   Type           Power      Damage    Failure   Level
 Mephitic Cloud           Conj/Pois/Air  9%         N/A       32%         3
 Olgreb's Toxic Radiance  Pois           23%        N/A       36%         4


Dungeon Overview and Level Annotations

Branches:
Dungeon (2/15)

Altars:


Innate Abilities, Weirdness & Mutations

You cannot wear most types of armour.
You are amphibious.
You can wear up to eight rings at the same time.
Your skin changes colour to match your surroundings (Stealth+).
Your rubbery body absorbs attacks. (AC +1, EV +1)
((You are camouflaged when in or above water. (Stealth+)))
You have tentacles for arms and can constrict up to eight enemies at once.


Message History

The jackal completely misses you. The giant cockroach misses you.
The giant cockroach waves its antennae.
You barely miss the adder.
The adder is lightly wounded.
You constrict the adder. The adder misses you. The jackal bites you. x2
The giant cockroach barely misses you. The adder bites you.
The jackal barely misses you. The jackal closely misses you.
Unknown command.
As you read the scroll labelled RIANAELUYH, it crumbles to dust.
It is a scroll of amnesia.
Really abort (and waste the scroll)?
Okay, then.
You constrict the adder.
A frilled lizard comes into view.
The giant cockroach bites you. The giant cockroach closely misses you.
The adder closely misses you. The jackal misses you.
The jackal closely misses you.
You aren't carrying any scrolls.
Unknown command.
You release your grip on the adder.
The jackal attacks as you move away! The jackal misses you.
The giant cockroach attacks as you move away!
The giant cockroach bites you.
* * * LOW HITPOINT WARNING * * *
The adder bites you.
* * * LOW HITPOINT WARNING * * *
The adder attacks as you move away! The adder bites you.
* * * LOW HITPOINT WARNING * * *
You are lethally poisoned!
The adder poisons you!
The giant cockroach attacks as you move away!
The giant cockroach misses you.
* * * LOW HITPOINT WARNING * * *
You feel sick. The jackal closely misses you.
The giant cockroach closely misses you. The giant cockroach misses you.
You closely miss the giant cockroach.
The frilled lizard hisses angrily.
You grab the giant cockroach.
You constrict the giant cockroach, but do no damage.
You die...

#..#..........
.##l#...........
.................
.................
...#.............
.....$....)......
.....#...........
#..hhB........
#.###†@BS.......
#. #........... #
#.. #...........
..##.##...........
.........##.......
##.....##..(......
##...#..#.#..##..
.......<.........
#..............#.


You could see an adder, 2 jackals, 2 giant cockroaches and a frilled lizard.

Vanquished Creatures
  A ball python (D:1)
  An endoplasm (D:1)
  A giant cockroach (D:1)
  2 goblins (D:1)
  A quokka (D:1)
  A bat (D:2)
  3 kobolds
  A rat (D:1)
11 creatures vanquished.

Notes
Turn   | Place    | Note
-------+----------+-------------------------------------------
     0 | D:1      | Ijustatesigmund the Octopode Venom Mage began the quest for
                  | the Orb.
     0 | D:1      | Reached XP level 1. HP: 11/11 MP: 3/3
   383 | D:1      | Reached XP level 2. HP: 18/18 MP: 1/5
   386 | D:1      | Learned a level 2 spell: Poisonous Vapours
   839 | D:2      | Succumbed to an adder's poison

Illustrated notes

Levels and vault maps discovered:
D:1:      mrwooster_arrival_arrow, layout_loops_ring, nicolae_figureground_pulse
D:2:      layout_rooms

Action                     || total
---------------------------++-------
  Melee: Unarmed           ||    10
         Tentacles         ||     3
         Constrict         ||     4
         Staff             ||     8
   Cast: Sting             ||     8
         Poisonous Vapours ||     5
    Use: Scroll            ||     1
   Stab: Sleeping          ||     1
 Armour: Skin              ||     3
  Dodge: Dodged            ||    35

Table legend: (Time is in decaauts)
 A = Elapsed time spent in this place.
 B = Non-inter-level travel time spent in this place.
 C = Inter-level travel time spent in this place.
 D = Time resting spent in this place.
 E = Time spent auto-exploring this place.
 F = Levels seen in this place.
 G = Mean time per level.
                   A        B        C        D        E       F      G
               +--------+--------+--------+--------+--------+-----+--------+
         Total |    839 |    811 |     28 |      0 |    726 |   2 |  419.5 |
       Dungeon |    839 |    811 |     28 |      0 |    726 |   2 |  419.5 |
               +--------+--------+--------+--------+--------+-----+--------+

Top non-repeatable levels by time:
     D:1: 813 daAuts
     D:2: 26 daAuts
